Map: Hills of Peshkov

Players

JohnMcClane - Winner!

  • Race: Zerg Zerg
  • Spawn Location: 6:00

JackONeill - Winner!

  • Race: Zerg Zerg
  • Spawn Location: 5:00

Hindulaatti - Winner!

  • Race: Protoss Protoss
  • Spawn Location: 7:00

MrAlais

  • Race: Zerg Zerg
  • League: Diamond
  • Spawn Location: 1:00

lulue

  • Race: Terran Terran
  • Spawn Location: 12:00

maverick

  • Race: Terran Terran
  • League: Platinum
  • Spawn Location: 11:00

VOD

Have the link to the VOD?

Description

Time

  • Played on: Jan. 31, 2016, 12:13 p.m.
  • Length: 11:52
Show
View Real Time Build Order
Export as new Build Order

JohnMcClane Zerg - Winner!

Build Orders: Pool First 

Get SALT Encoding   

  12  0:04  Drone  
  13  0:26  Drone, Spawning Pool  
  13  0:37  Overlord  
  13  0:42  Drone  
  14  0:58  Drone x2  
  16  1:14  Zergling x4  
  16  1:15  Queen  
  20  1:21  Zergling x2  
  21  1:32  Zergling x2  
  22  1:37  Spine Crawler  
  22  1:54  Hatchery  
  22  2:00  Overlord  
  21  2:05  Spine Crawler  
  20  2:19  Drone x3  
  22  2:30  Drone x3  
  22  2:47  Drone  
  22  2:48  Drone  
  24  2:51  Extractor  
  24  2:52  Queen, Extractor  
  24  2:53  Spine Crawler  
  23  3:07  Drone x2  
  23  3:09  Queen  
  27  3:20  Drone x5  
  32  3:28  Drone x2  
  34  3:42  Drone x2, Spine Crawler x2  
  34  3:56  Drone x2  
  34  3:59  Spore Crawler  
  34  4:02  Overlord  
  35  4:10  Evolution Chamber  
  35  4:12  Evolution Chamber  
  35  4:15  Drone x3  
  36  4:31  Drone x6  
  42  4:34  Extractor  
  42  4:36  Extractor  
  40  4:47  Drone x4  
  40  4:48  Overlord  
  44  5:14  Drone, Overlord  
  44  5:15  Drone x4, Hatchery  
  44  5:19  Spore Crawler  
  47  5:22  Metabolic Boost  
  47  5:35  Zerg Melee Weapons Level 1  
  47  5:38  Lair  
  47  5:48  Baneling Nest  
  46  5:51  Zerg Ground Armor Level 1  
  46  5:58  Overlord  
  46  6:02  Extractor x2  
  44  6:06  Drone x12  
  56  6:18  Drone x4  
  60  6:41  Infestation Pit  
  59  6:52  Drone  
  59  6:53  Drone, Overlord x4  
  61  6:57  Overseer  
  61  6:58  Spore Crawler  
  61  7:01  Drone x2  
  62  7:22  Hive  
  62  7:26  Zergling x2  
  62  7:27  Zergling x8  
  67  7:38  Zerg Melee Weapons Level 2  
  67  7:46  Spine Crawler  
  67  7:51  Baneling x7  
  66  7:56  Baneling  
  66  8:20  Hatchery  
  65  8:37  Ultralisk Cavern  
  64  8:46  Overlord x7  
  64  8:50  Zerg Ground Armor Level 2  
  64  8:54  Adrenal Glands  
  64  8:56  Zergling x36  
  82  9:08  Baneling  
  82  9:16  Pneumatized Carapace  
  82  9:21  Spore Crawler  
  82  9:24  Spore Crawler  
  80  9:27  Spore Crawler x2  
  80  9:30  Spore Crawler  
  77  9:32  Ultralisk x2  
  77  9:33  Ultralisk x5  
  119  10:00  Queen  
  119  10:01  Spore Crawler  
  119  10:02  Spine Crawler  
  119  10:03  Spore Crawler  
  119  10:05  Spore Crawler  
  119  10:06  Ultralisk  
  123  10:17  Hatchery  
  123  10:18  Centrifical Hooks  
  123  10:19  Extractor  
  123  10:20  Extractor  
  120  10:53  Overlord x2  
  120  10:54  Infestor x2  
  120  10:55  Infestor x2  
  128  11:14  Baneling x4  
  128  11:15  Baneling x4  
Show
View Real Time Build Order
Export as new Build Order

JackONeill Zerg - Winner!

Build Orders: Hatch First, Muta Ling Bane, Zergling Baneling 

Get SALT Encoding   

  12  0:01  Drone  
  13  0:12  Drone  
  14  0:16  Overlord  
  14  0:24  Extractor  
  14  0:25  Drone  
  15  0:35  Drone x2  
  17  0:59  Hatchery, Extractor  
  15  1:09  Spawning Pool  
  14  1:12  Drone  
  15  1:21  Drone x2  
  18  1:25  Drone  
  18  1:41  Drone  
  19  1:48  Drone  
  20  1:55  Queen  
  20  1:58  Metabolic Boost  
  22  2:04  Overlord  
  22  2:12  Queen  
  22  2:14  Drone  
  25  2:16  Drone  
  26  2:24  Drone  
  26  2:25  Drone  
  28  2:32  Baneling Nest  
  28  2:35  Drone x2  
  29  2:49  Drone x3  
  32  2:56  Overlord  
  32  3:00  Queen  
  34  3:05  Overlord  
  34  3:11  Zergling x4  
  36  3:14  Overlord  
  36  3:24  Zergling x6  
  36  3:25  Zergling x6  
  42  3:31  Overlord  
  42  3:36  Zergling x6  
  42  3:37  Zergling x2  
  46  3:43  Zergling x2  
  46  3:48  Zergling x2  
  48  3:54  Zergling x4  
  48  3:55  Zergling x2  
  51  3:57  Overlord  
  51  3:58  Drone  
  52  4:06  Zergling x2  
  53  4:10  Zergling x2  
  53  4:16  Drone x3  
  57  4:20  Zergling x2  
  58  4:32  Baneling x4  
  58  4:33  Baneling x7  
  58  4:34  Baneling x3  
  58  4:35  Zergling x2  
  58  4:36  Zergling x8  
  51  5:12  Zergling x12  
  52  5:34  Zergling x8  
  53  5:50  Baneling x2  
  53  5:51  Baneling x3  
  53  5:52  Zergling x4  
  45  6:19  Zergling x12  
  49  6:27  Lair, Extractor  
  49  6:32  Evolution Chamber x2  
  46  6:37  Hatchery  
  46  6:38  Drone x5  
  46  6:39  Drone  
  46  6:47  Drone x2  
  46  6:50  Extractor  
  46  6:51  Extractor  
  46  6:55  Drone x2  
  46  6:56  Drone x2  
  46  6:59  Zerg Melee Weapons Level 1  
  50  7:04  Drone x3  
  50  7:05  Drone  
  54  7:13  Drone x2  
  56  7:22  Baneling x5  
  56  7:23  Baneling x2  
  56  7:24  Drone x4  
  56  7:28  Zerg Ground Armor Level 1  
  60  7:46  Drone x5  
  60  7:47  Drone x2  
  67  7:53  Drone  
  67  7:54  Drone x4  
  67  7:56  Extractor  
  67  7:57  Extractor  
  70  8:03  Spire  
  70  8:04  Spore Crawler, Centrifical Hooks  
  68  8:07  Overseer  
  68  8:10  Overseer  
  68  8:14  Drone x5  
  73  8:23  Spore Crawler  
  73  8:24  Drone x2  
  73  8:25  Overlord  
  73  8:26  Overlord x3  
  74  8:36  Overlord x4  
  74  8:44  Infestation Pit  
  73  8:51  Zergling x12  
  79  9:02  Spore Crawler  
  78  9:04  Spine Crawler  
  77  9:22  Spore Crawler x2  
  77  9:23  Mutalisk x4  
  77  9:24  Mutalisk x6  
  81  9:25  Mutalisk x2  
  81  9:26  Overlord  
  99  9:33  Mutalisk, Zerg Flyer Weapons Level 1  
  99  9:34  Mutalisk x4  
  109  9:40  Hive  
  109  9:54  Mutalisk x2  
  113  10:02  Spore Crawler  
  112  10:17  Mutalisk x4  
  120  10:30  Pathogen Glands  
  120  10:43  Hatchery  
  120  10:44  Extractor  
  120  10:47  Extractor  
  118  10:50  Zergling x12  
  118  10:51  Zergling x10  
  118  10:52  Baneling x2  
  118  10:53  Baneling x6  
Show
View Real Time Build Order
Export as new Build Order

Hindulaatti Protoss - Winner!

Build Orders: Mass Adepts 

Get SALT Encoding   

  12  0:01  Probe (Chrono Boost)  
  13  0:11  Probe (Chrono Boost)  
  14  0:18  Pylon  
  14  0:23  Probe (Chrono Boost)  
  15  0:36  Probe (Chrono Boost)  
  15  0:41  Gateway  
  16  0:47  Probe (Chrono Boost)  
  17  0:57  Probe (Chrono Boost)  
  17  1:03  Pylon  
  18  1:07  Assimilator  
  18  1:08  Probe (Chrono Boost)  
  19  1:19  Probe (Chrono Boost)  
  20  1:30  Cybernetics Core  
  20  1:33  Probe (Chrono Boost)  
  21  1:45  Probe (Chrono Boost)  
  22  1:56  Probe (Chrono Boost)  
  22  1:58  Gateway  
  22  2:01  Gateway  
  23  2:07  Adept  
  24  2:14  Assimilator  
  24  2:16  Pylon  
  24  2:17  Probe (Chrono Boost)  
  25  2:30  Probe (Chrono Boost)  
  26  2:39  Adept  
  28  2:48  Adept  
  28  2:49  Adept  
  32  2:53  Pylon  
  32  3:06  Adept  
  34  3:15  Adept  
  34  3:16  Adept  
  34  3:17  Twilight Council, Probe (Chrono Boost)  
  39  3:33  Adept  
  41  3:34  Probe (Chrono Boost)  
  42  3:45  Probe (Chrono Boost)  
  42  3:48  Adept x2  
  45  3:50  Warp Gate (Chrono Boost)  
  45  3:53  Resonating Glaives (Chrono Boost)  
  45  3:56  Probe  
  46  4:09  Pylon  
  46  4:27  Adept x3  
  52  4:33  Nexus  
  52  4:38  Probe  
  53  4:50  Probe  
  54  5:29  Adept  
  54  5:33  Probe  
  55  5:38  Forge  
  55  5:45  Adept x2, Probe  
  62  5:58  Pylon  
  62  5:59  Pylon  
  62  6:02  Probe x2 (Chrono Boost)  
  64  6:24  Probe x2 (Chrono Boost)  
  64  6:25  Protoss Ground Weapons Level 1 (Chrono Boost)  
  64  6:27  Assimilator  
  64  6:31  Assimilator  
  54  6:48  Adept x3  
  56  7:04  Robotics Facility  
  56  7:06  Pylon  
  56  7:08  Gateway  
  56  7:10  Gateway  
  56  7:11  Gateway  
  56  7:12  Charge  
  56  7:15  Templar Archives  
  56  7:16  Mothership Core, Pylon  
  56  7:20  Probe  
  59  7:27  Photon Cannon  
  59  7:29  Photon Cannon  
  59  7:32  Adept, Probe  
  59  7:33  Adept x2  
  66  7:45  Psionic Storm, Probe  
  66  7:47  Pylon, Probe  
  66  7:49  Pylon  
  68  7:57  Probe  
  69  7:59  Probe  
  69  8:03  Stalker  
  72  8:08  Warp Prism  
  74  8:12  Pylon  
  74  8:22  Probe x2  
  74  8:27  Stalker x2  
  80  8:34  Probe  
  81  8:45  Nexus  
  81  8:56  Probe x2  
  81  8:57  Stalker x2  
  81  9:00  Stalker  
  89  9:08  Probe x2  
  91  9:11  High Templar x2  
  95  9:20  Probe  
  95  9:23  Photon Cannon  
  96  9:27  Photon Cannon  
  96  9:50  Probe x2  
  96  9:52  Stalker x4  
  102  9:53  Stalker  
  102  9:58  Probe  
  109  10:02  Probe x2  
  109  10:04  High Templar  
  109  10:05  Assimilator  
  113  10:07  Assimilator  
  113  10:08  Probe  
  114  10:14  Probe (Chrono Boost)  
  114  10:17  Dark Shrine  
  114  10:18  High Templar  
  114  10:19  Pylon  
  114  10:21  Zealot x3  
  123  10:46  Probe x2 (Chrono Boost)  
  123  10:48  High Templar x2, Probe (Chrono Boost)  
  130  11:12  Stalker x3  
  130  11:13  Stalker  
  138  11:28  Zealot x2  
  138  11:29  Stargate  
  138  11:30  Pylon  
  142  11:45  Adept  
  142  11:46  Zealot x4  
Show
View Real Time Build Order
Export as new Build Order

MrAlais Zerg 

Build Orders: Hatch First 

Get SALT Encoding   

  12  0:01  Drone  
  13  0:12  Overlord  
  13  0:17  Drone  
  14  0:32  Drone x2  
  14  0:34  Drone  
  17  0:55  Hatchery  
  16  0:59  Drone  
  16  1:00  Drone  
  18  1:06  Extractor  
  17  1:16  Spawning Pool  
  16  1:20  Drone  
  17  1:30  Drone x2  
  19  2:07  Spine Crawler x2  
  19  2:08  Queen  
  19  2:09  Metabolic Boost  
  17  2:29  Drone  
  16  3:01  Drone x2  
  18  3:07  Drone  
  18  3:11  Drone  
  21  3:12  Drone  
  21  3:18  Drone  
  22  3:24  Drone x2  
  24  3:31  Overlord  
  24  3:46  Overlord  
  24  3:49  Queen  
  24  3:52  Zergling x2  
  24  3:53  Zergling x6  
  24  3:55  Zergling x2  
  31  4:00  Zergling x4  
  33  4:03  Zergling x2  
  33  4:07  Zergling x2  
  33  4:08  Zergling x2  
  36  4:13  Spore Crawler  
  35  4:17  Spore Crawler  
  34  4:25  Zergling x6  
  33  4:35  Zergling x4  
  33  4:36  Zergling x2  
  36  4:43  Zergling x2  
  37  4:46  Spine Crawler  
  34  4:53  Baneling Nest  
  29  5:04  Zergling x2  
  29  5:05  Zergling x4  
  26  5:08  Spine Crawler  
  22  5:26  Drone x3  
  21  5:44  Zergling x6  
  24  5:52  Spine Crawler  
  23  6:00  Lair  
  21  6:09  Baneling  
  21  6:10  Baneling x2  
  16  6:12  Zergling x2  
  16  6:14  Zergling x2  
  18  6:22  Zergling x4  
  20  6:39  Zergling x2  
  20  6:45  Drone x4  
  22  6:48  Drone  
  23  6:55  Baneling x4  
  23  6:58  Drone  
  24  7:04  Drone  
  24  7:05  Drone  
  26  7:10  Drone  
  26  7:15  Extractor  
  26  7:16  Drone  
  26  7:17  Drone  
  28  7:27  Drone x2  
  28  7:28  Drone  
  28  7:29  Drone  
  32  7:32  Drone  
  32  7:33  Drone  
  34  7:41  Drone x2  
  36  7:46  Drone  
  36  7:47  Extractor  
  36  7:50  Drone  
  36  7:51  Drone  
  36  7:52  Drone x2  
  36  7:57  Extractor  
  38  7:59  Drone  
  38  8:02  Overlord  
  39  8:14  Drone, Spore Crawler, Queen  
  41  8:23  Spire  
  40  8:35  Spore Crawler  
  40  8:38  Overlord  
  40  8:39  Overlord  
  40  8:40  Drone x2  
  41  8:48  Drone  
  41  8:49  Drone x2  
  44  9:33  Overlord  
  44  9:34  Mutalisk x3  
  44  9:35  Mutalisk x5  
  44  9:36  Overlord  
  60  9:43  Mutalisk  
  62  9:55  Zerg Flyer Weapons Level 1  
  62  10:02  Hatchery  
  62  10:03  Mutalisk  
  62  10:05  Overlord x2  
  63  10:13  Mutalisk  
  63  10:19  Spore Crawler  
  63  10:20  Drone x4  
  63  10:21  Drone x2  
  68  10:22  Spore Crawler  
  68  10:23  Spore Crawler  
  66  10:29  Mutalisk x2  
  70  10:56  Hatchery  
  69  11:00  Mutalisk x2  
  73  11:06  Drone  
  73  11:07  Drone x2  
  73  11:09  Spore Crawler x2  
  73  11:10  Spore Crawler  
  72  11:21  Mutalisk x2  
  74  11:26  Mutalisk  
  74  11:27  Mutalisk  
  74  11:28  Drone x2  
  80  11:33  Spore Crawler  
  80  11:34  Spore Crawler  
  80  11:35  Spore Crawler  
Show
View Real Time Build Order
Export as new Build Order

lulue Terran 

Build Orders:  

Get SALT Encoding   

  12  0:02  SCV  
  13  0:14  SCV  
  13  0:20  Supply Depot  
  14  0:26  SCV  
  15  0:41  SCV  
  16  0:44  Barracks  
  16  0:54  SCV  
  17  1:01  Refinery  
  17  1:07  SCV  
  18  1:15  Barracks  
  18  1:20  SCV  
  19  1:32  Refinery  
  19  1:50  Marine  
  20  1:58  Orbital Command  
  20  2:09  Barracks Reactor  
  20  2:23  Marine  
  21  2:33  Barracks  
  20  2:41  Marine  
  21  2:54  Marine  
  21  2:55  Marine  
  23  3:00  Engineering Bay  
  23  3:07  Barracks  
  23  3:20  Barracks  
  23  3:25  Barracks Tech Lab  
  23  3:27  Barracks Tech Lab  
  23  3:55  Terran Infantry Weapons Level 1  
  23  3:56  Barracks Reactor  
  23  4:05  Supply Depot  
  23  4:07  Combat Shields  
  23  4:09  Concussive Shells, SCV  
  24  4:12  Barracks Reactor  
  24  4:16  Missile Turret  
  24  4:20  Missile Turret  
  24  4:21  SCV  
  25  4:28  Supply Depot  
  25  4:33  SCV  
  25  4:34  Marauder  
  25  4:35  Marine  
  29  4:45  SCV  
  25  5:11  Marauder x2, Marine  
  25  5:12  Marine x3  
  25  5:13  Marine x2  
  32  5:26  Orbital Command  
  14  5:50  Orbital Command  
  14  6:09  Marauder x2, Marine  
  9  6:30  Marauder  
  9  6:31  SCV  
  11  6:46  SCV  
  12  6:58  SCV  
  13  7:10  SCV  
  14  7:22  SCV  
  15  7:24  Command Center  
  15  7:36  SCV  
  16  8:03  SCV  
  17  8:15  SCV  
  18  8:28  SCV  
  19  8:40  SCV  
  19  8:41  Planetary Fortress  
  20  8:47  Marauder x2, Marine x2  
  20  8:48  Marine x2  
  28  8:55  Command Center, SCV  
  29  9:07  SCV  
  30  9:12  Marauder x2  
  30  9:13  Marine x4  
  38  9:30  Refinery  
  38  9:33  Refinery  
  38  9:35  SCV  
  39  9:41  SCV  
  40  9:47  SCV  
  41  9:53  Marauder x2, SCV  
  41  9:54  Marine x3  
  41  9:55  Marine x2  
  41  9:57  Terran Infantry Armor Level 1  
  41  9:59  SCV  
  52  10:12  Marine  
  52  10:13  SCV x2  
  55  10:15  Missile Turret  
  55  10:19  Missile Turret  
  55  10:27  Missile Turret  
  55  10:32  Missile Turret, SCV  
  56  10:55  SCV  
  56  10:56  Factory, SCV x2  
  59  11:08  Orbital Command, SCV x2  
Show
View Real Time Build Order
Export as new Build Order

maverick Terran 

Build Orders: MMM Bio 

Get SALT Encoding   

  12  0:01  SCV  
  13  0:13  SCV  
  14  0:18  Supply Depot  
  14  0:25  SCV  
  15  0:30  Refinery  
  15  0:42  Barracks  
  15  0:46  SCV  
  16  1:01  Barracks  
  16  1:05  SCV  
  17  1:20  Barracks  
  17  1:26  SCV  
  18  1:34  Refinery  
  18  1:38  Reaper  
  19  1:49  Reaper  
  20  1:58  Supply Depot  
  20  2:10  Reaper  
  20  2:11  Orbital Command  
  21  2:16  Reaper  
  21  2:22  Reaper  
  23  2:42  Reaper  
  24  2:48  Reaper  
  24  2:50  SCV  
  26  2:54  Reaper  
  27  3:01  Factory  
  27  3:02  SCV  
  28  3:14  Supply Depot, SCV  
  29  3:24  Barracks Reactor  
  29  3:31  Barracks Tech Lab  
  29  3:47  Factory Tech Lab  
  29  4:00  SCV  
  29  4:01  Command Center  
  30  4:10  Engineering Bay  
  30  4:14  SCV  
  31  4:19  Stimpack  
  31  4:29  Siege Tank  
  34  4:31  Marine  
  35  4:48  Marine x2  
  35  4:49  Marauder, Marine  
  40  4:54  Terran Infantry Weapons Level 1  
  40  5:02  SCV  
  40  5:06  Marine x2  
  43  5:07  Marine  
  43  5:09  Marine  
  45  5:23  Marine  
  38  5:28  Marine  
  38  5:29  Marauder, Marine  
  42  5:41  Marine  
  43  5:46  Marine  
  43  5:47  Marine  
  43  5:48  Starport  
  45  5:51  Marauder  
  47  5:59  Marine  
  48  6:04  Marine x2  
  50  6:11  Marine  
  50  6:17  Marine  
  50  6:22  Marine x2  
  49  6:29  Marine  
  48  6:35  Marine  
  48  6:40  Marine x2  
  48  6:44  Orbital Command  
  50  6:47  Marine  
  50  6:52  Marine  
  50  6:53  Siege Tank  
  55  6:56  Starport Reactor  
  55  6:58  Marine x2  
  57  7:02  Terran Infantry Armor Level 1  
  57  7:05  Marine  
  57  7:08  Combat Shields  
  58  7:10  Marine  
  58  7:11  SCV  
  60  7:15  Marine  
  60  7:19  SCV  
  62  7:23  SCV  
  63  7:31  SCV  
  63  7:36  Medivac, SCV  
  67  7:38  Bunker  
  67  7:43  Supply Depot  
  67  7:45  Medivac  
  69  7:52  Missile Turret  
  69  7:55  Missile Turret  
  69  8:06  Missile Turret, Marine x2  
  69  8:08  Bunker, Missile Turret  
  69  8:11  SCV  
  72  8:15  Refinery  
  72  8:17  SCV  
  73  8:23  SCV  
  73  8:25  Marine x3  
  77  8:34  Supply Depot  
  77  8:36  SCV  
  78  8:42  Supply Depot  
  78  8:51  Supply Depot  
  78  8:55  Medivac, Marine, SCV x2  
  83  8:57  Engineering Bay  
  83  9:02  Armory  
  83  9:06  Concussive Shells  
  83  9:10  SCV  
  84  9:26  Command Center  
  84  9:27  SCV  
  85  9:32  Refinery  
  85  9:33  SCV  
  77  9:40  Marine  
  76  9:49  SCV  
  77  10:04  Missile Turret  
  77  10:05  SCV  
  78  10:09  Missile Turret, SCV  
  79  10:18  SCV  
  80  10:25  SCV  
  81  10:30  SCV  
  82  10:37  SCV  
  82  10:42  SCV, Barracks  
  84  10:49  SCV, Barracks  
  85  10:54  SCV  
  86  10:57  Marine  
  86  10:58  Marauder, Marine  
  86  10:59  Marine  
  91  11:15  Medivac x2, Marine  
  96  11:22  Orbital Command  
  96  11:23  SCV  
  97  11:26  SCV  
  97  11:27  Marine  
  97  11:30  Barracks Tech Lab  
  96  11:36  Barracks Reactor  
Tags
 
Add a new tag
Caveats
  • Supply blocks, unpowered buildings, or Contaminate may cause inaccurate times.
  • Supply counts are checked every 10 seconds.